 Dungeon Crawl Stone Soup version 0.31.0-11-ge490571c62 (webtiles) character file.

Game seed: 10577321601383648516

2 Chiseanne the Slasher (level 1, -3/15 HPs)
             Began as a Demonspawn Wanderer on Feb 10, 2024.
             Slain by a kobold
             ... wielding a +2 short sword of speed
              (4 damage)
             ... on level 1 of the Dungeon.
             The game lasted 00:00:23 (172 turns).

Chiseanne the Slasher (Demonspawn Wanderer)          Turns: 172, Time: 00:00:23

Health: -3/15      AC:  2    Str: 11    XL:     1   Next: 33%
Magic:  2/2        EV: 11    Int: 12    God:
Gold:   0          SH:  0    Dex: 13    Spells: 2/2 levels left

rFire   . . .        a - +2 falchion
rCold   . . .        (no shield)
rNeg    . . .        e - +0 robe
rPois   .            (no helmet)
rElec   .            (no cloak)
rCorr   .            (no gloves)
SInv    .            (no boots)
Will    .....        (no amulet)
Stlth   +            (no ring)
HPRegen 0.22/turn    (no ring)
MPRegen 0.08/turn

%: no passive effects
@: no status effects
A: no striking features
a: no special abilities


You were on level 1 of the Dungeon.
You visited 1 branch of the dungeon, and saw 1 of its levels.

Inventory:

Hand Weapons
 a - a +2 falchion (weapon)
 c - a +0 dagger
Missiles
 b - 9 poisoned darts (quivered)
Armour
 e - a +0 robe (worn)
Scrolls
 d - a scroll of fear


   Skills:
 * Level 1.1 Fighting
 - Level 4.5 Long Blades
 - Level 1.0 Throwing
 * Level 0.2 Armour
 * Level 0.2 Dodging
 - Level 1.0 Spellcasting
 - Level 2.0 Conjurations


You had 2 spell levels left.
You didn't know any spells.
Your spell library contained the following spells:

 Spells                   Type           Power      Damage    Failure   Level
 Searing Ray              Conj           10%        2d4       21%         2
 Static Discharge         Conj/Air       6%         3-4/arc   30%         2


Dungeon Overview and Level Annotations

Branches:
Dungeon (1/15)

Altars:


Message History

Press: ? - help, Q - select action Shift-Dir - straight line, f - kobold
Aim: a kobold, wielding a +2 short sword of speed (43% to hit)
You throw a poisoned dart.
The poisoned dart barely misses the kobold.
Throw: 13 darts (poison)
Press: ? - help, Q - select action Shift-Dir - straight line, f/p - kobold
Aim: a kobold, wielding a +2 short sword of speed (43% to hit)
You throw a poisoned dart.
The poisoned dart barely misses the kobold.
Throw: 12 darts (poison)
Press: ? - help, Q - select action Shift-Dir - straight line, f/p - kobold
Aim: a kobold, wielding a +2 short sword of speed (43% to hit)
You throw a poisoned dart.
The poisoned dart closely misses the kobold.
Throw: 11 darts (poison)
Press: ? - help, Q - select action Shift-Dir - straight line, f/p - kobold
Aim: a kobold, wielding a +2 short sword of speed (43% to hit)
You throw a poisoned dart. The poisoned dart hits the kobold.
The kobold is poisoned.
Throw: 10 darts (poison)
Press: ? - help, Q - select action Shift-Dir - straight line, f/p - kobold
Aim: a kobold, wielding a +2 short sword of speed (poisoned, 43% to hit)
You throw a poisoned dart.
The poisoned dart barely misses the kobold.
You closely miss the kobold. The kobold barely misses you.
The kobold completely misses you.
You miss the kobold.
The kobold hits you with a +2 short sword of speed. x2
A frilled lizard comes into view.
The kobold looks more healthy.
The kobold hits you with a +2 short sword of speed.
The kobold attacks as it pursues you!
The kobold hits you with a +2 short sword of speed.
The kobold attacks as it pursues you! The kobold hits you but does no damage.
The kobold attacks as it pursues you!
The kobold hits you with a +2 short sword of speed.
* * * LOW HITPOINT WARNING * * *
You closely miss the kobold.
The kobold hits you with a +2 short sword of speed.
You die...

######.###
#........#
#######.####l#.#
..(.(.#......#.#####
#.(..#....#.....#
#..#.#.########.# #.
#.#.# #.# # #K#.#
#.# #@#.# #.#
#.........# #.#
#....##...# #.# +...
...... #.# #..
####### #.# .. #..
#.# . #.###### #.#
#.#....# #.#
#.#..#.# #.#


You could see a kobold.

Vanquished Creatures
  A hobgoblin (D:1)
  A frilled lizard (D:1)
  A goblin (D:1)
3 creatures vanquished.

Notes
Turn   | Place    | Note
-------+----------+-------------------------------------------
     0 | D:1      | Chiseanne the Demonspawn Wanderer began the quest for the
                  | Orb.
     0 | D:1      | Chiseanne set off with the following items: a +2 falchion,
                  | 14 poisoned darts, a +0 dagger, a scroll of fear, a +0
                  | robe; and the following spells available to memorise:
                  | Searing Ray, Static Discharge.
     0 | D:1      | Reached XP level 1. HP: 15/15 MP: 2/2
   172 | D:1      | Slain by a kobold

Illustrated notes

Levels and vault maps discovered:
D:1:      ncdulo_wetmaze, layout_basic

Action                     || total
---------------------------++-------
  Melee: Falchion          ||    12
  Throw: Dart              ||     5
   Stab: Sleeping          ||     1
 Armour: Robe              ||    11
  Dodge: Dodged            ||     5
